 Dungeon Crawl Stone Soup version 0.28-a0-1312-g71652a0310 (webtiles) character file.

Game seed: 6125159433481785464

179 comborobin the Cutter (level 5, 0/36 HPs)
             Began as an Octopode Cinder Acolyte on Dec 27, 2021.
             Was a High Priest of Ignis.
             Succumbed to an adder's poison
             ... on level 3 of the Dungeon.
             The game lasted 00:03:17 (2981 turns).

comborobin the Cutter (Octopode Cinder Acolyte)     Turns: 2981, Time: 00:03:18

Health: 0/36       AC:  1    Str: 13    XL:     5   Next: 59%
Magic:  6/6        EV: 12    Int: 17    God:    Ignis [*****.]
Gold:   123        SH:  0    Dex:  9    Spells: 4/6 levels left

rFire   + . .      SeeInvis .   h - +1 hand axe (flame)
rCold   . . .      Faith    .   (no shield)
rNeg    . . .      Spirit   .   (helmet restricted)
rPois   .          Reflect  .   (no amulet)
rElec   .          Harm     .   (no ring)
rCorr   .          Rampage  .   (no ring)
Will    .....                   (no ring)
Stlth   +++.......              (no ring)
HPRegen 0.12/turn               (no ring)
MPRegen 0.10/turn               (no ring)
                                (no ring)
                                (no ring)

@: lethally poisoned (0 -> -5)
A: almost no armour, amphibious, 8 rings, camouflage 1, gelatinous body 1,
(nimble swimmer 1), tentacles
a: Renounce Religion, Fiery Armour, Foxfire Swarm, Rising Flame


You were on level 3 of the Dungeon.
You worshipped Ignis.
Ignis was extremely pleased with you.
You visited 1 branch of the dungeon, and saw 4 of its levels.

You collected 123 gold pieces.

Inventory:

Hand Weapons
 a - a -1 short sword of flaming
 h - a +1 hand axe of flaming (weapon)
Armour
 e - a scarf of harm
Scrolls
 b - a scroll of amnesia {unknown}
 d - 5 scrolls of identify {unknown}
 f - a scroll of brand weapon {unknown}
 g - 2 scrolls of enchant weapon {unknown}
 i - a scroll of vulnerability {unknown}
Potions
 c - a potion of brilliance {unknown}
 j - 2 potions of magic {unknown}


   Skills:
 + Level 3.5 Fighting
 + Level 4.1 Short Blades
 + Level 1.1 Axes
 + Level 1.1 Dodging
 + Level 3.9 Stealth
 + Level 1.0 Spellcasting
 + Level 3.3 Fire Magic


You had 4 spell levels left.
You knew the following spells:

 Your Spells              Type           Power      Damage    Failure   Level
a - Scorch                Fire           24%        2d6       9%          2

Your spell library contained the following spells:

 Spells                   Type           Power      Damage    Failure   Level


Dungeon Overview and Level Annotations

Branches:
Dungeon (4/15)             Temple (0/1) D:4

Altars:
Cheibriados


Innate Abilities, Weirdness & Mutations

You cannot wear most types of armour.
You are amphibious.
You can wear up to eight rings at the same time.
Your skin changes colour to match your surroundings (Stealth+).
Your rubbery body absorbs attacks. (AC +1, EV +1)
((You are camouflaged when in or above water. (Stealth+)))
You have tentacles for arms and can constrict up to eight enemies at once.


Message History

You become entangled in the net!
You see here a throwing net.
You struggle against the net.
The kobold throws a stone.
The stone closely misses you.
You struggle against the net.
The adder barely misses you.
The kobold throws a stone.
The stone hits you but does no damage.
A kobold comes into view. It is wielding a +0 whip.
The adder bites you.
You rip the net and break free!
The gnoll hits you from afar with a +0 spear!
The gnoll hits you from afar with a +0 spear.
The kobold throws a stone.
The stone barely misses you. The adder bites you.
You are poisoned.
The adder poisons you!
You feel sick.
The kobold throws a stone.
The stone hits you.
You feel sick.
There is a stone staircase leading up here.
You feel sick. The adder barely misses you.
The gnoll hits you from afar with a +0 spear!
The gnoll hits you from afar with a +0 spear.
* * * LOW HITPOINT WARNING * * *
The adder bites you but does no damage.
You climb upwards.
You feel sick.
There is a stone staircase leading down here.
You closely miss the adder. You grab the adder. You constrict the adder.
You feel sick.
You are no longer poisoned.
The adder bites you.
* * * LOW HITPOINT WARNING * * *
You are lethally poisoned!
The adder poisons you!
You hit the adder. You burn the adder.
The adder is severely wounded.
You constrict the adder.
* * * LOW HITPOINT WARNING * * *
You feel sick. The adder closely misses you. The adder barely misses you.
Unknown command.
You hit the adder. You burn the adder.
You kill the adder!
You die...

≈≈≈≈≈≈≈P♣≈≈≈P≈♣.##....P≈P≈P≈♣.≈≈#
≈≈≈≈≈≈♣≈≈♣≈≈♣≈..##...♣≈≈≈≈≈≈≈.≈P♣
≈≈≈≈≈≈≈≈≈≈≈≈♣≈..##+#♣≈≈≈P≈PP≈†≈≈P
≈≈P≈≈≈≈P♣≈♣≈≈#.......♣P≈PP≈≈≈.≈≈≈
≈≈≈♣≈♣≈≈≈♣♣..#........≈≈≈≈≈≈≈.≈≈≈
♣♣≈♣≈♣P......#........≈≈P≈≈≈≈.PP≈
.....####'##.##.......≈♣♣♣≈≈≈.P≈P
.............##.......#♣♣♣≈≈≈.≈≈≈
#########.##....@.......≈♣♣≈≈.≈≈≈
#≈≈≈≈≈###.##...†...#....♣♣♣≈≈.≈≈≈
#≈.≈.≈#...##.......#...≈♣♣♣≈≈.≈≈≈
#.≈⌠≈.#...'...♣♣♣♣♣#..P♣♣♣≈≈≈.≈≈≈
#≈.≈.≈#...###♣P≈≈≈≈♣≈♣P≈≈≈PP≈.≈≈P
#≈≈.†≈#.....♣≈P≈≈PPP≈≈≈≈≈≈≈≈≈.≈≈P
###'###.#..≈≈P≈≈≈≈≈≈≈≈≈≈≈≈≈≈≈.≈≈≈
.....#..#......................≈≈
#....#.....≈≈≈≈P≈≈≈≈≈≈≈≈≈≈≈≈≈..≈♣


There were no monsters in sight!

Vanquished Creatures
  An orc wizard (D:3)
  A howler monkey zombie (D:3)
  A gnoll (D:4)
  7 adders
  A howler monkey skeleton (D:3)
  A worm (D:2)
  3 orcs (D:3)
  3 ball pythons
  10 bats
  4 endoplasms
  A giant cockroach (D:3)
  4 goblins
  9 hobgoblins
  4 quokkas
  2 frilled lizards
  6 kobolds
  7 rats
65 creatures vanquished.

Vanquished Creatures (others)
  2 plants (D:3)
2 creatures vanquished.

Grand Total: 67 creatures vanquished

Notes
Turn   | Place    | Note
-------+----------+-------------------------------------------
     0 | D:1      | comborobin the Octopode Cinder Acolyte began the quest for
                  | the Orb.
     0 | D:1      | Reached XP level 1. HP: 16/16 MP: 2/2
    35 | D:1      | Found a faded altar of an unknown god.
   172 | D:1      | Reached XP level 2. HP: 21/21 MP: 3/3
   477 | D:1      | Reached skill level 1 in Stealth
   950 | D:1      | Reached XP level 3. HP: 19/26 MP: 4/4
  1074 | D:2      | Found a snail-covered altar of Cheibriados.
  1391 | D:2      | Reached XP level 4. HP: 23/31 MP: 5/5
  1394 | D:2      | Learned a level 2 spell: Scorch
  1848 | D:3      | Reached skill level 4 in Short Blades
  2202 | D:3      | Reached XP level 5. HP: 35/36 MP: 6/6
  2205 | D:3      | Reached skill level 1 in Dodging
  2541 | D:3      | Reached skill level 1 in Axes
  2964 | D:4      | Found a staircase to the Ecumenical Temple.
  2981 | D:3      | Succumbed to an adder's poison

Illustrated notes

Levels and vault maps discovered:
D:1:      dpeg_arrival_yet_another_circle, layout_loops_cross,
          ebering_ecumenical_altar_rust
D:2:      layout_rooms, basic_altar
D:3:      layout_basic, serial_bayou, serial_bayou_pond_a, serial_bayou_lake_a,
          serial_bayou_lagoon_a, serial_bayou_lagoon_b,
          kennysheep_generic_room_13
D:4:      layout_rooms, temple_fountains, grunt_decor_one_mirror,
          serial_bayou_pond_d

Skill      XL: |  1  2  3  4  5 |
---------------+----------------+-----
Stealth        | 1 2 3 |  3.9
Short Blades   | 4 |  4.1
Dodging        | 1 |  1.1
Axes           | 1 |  1.1
Fighting       | |  3.5
Spellcasting   | |  1.0
Fire Magic     | |  3.3

Action                   |  1- 3 |  4- 6 || total
-------------------------+-------+-------++-------
Melee: Short sword       |    65 |       ||    65
       Constrict         |    16 |    12 ||    28
       Tentacles         |     4 |    10 ||    14
       Hand axe          |    14 |    60 ||    74
 Cast: Scorch            |       |     1 ||     1
 Stab: Sleeping          |    10 |    11 ||    21
Armor: Skin              |    14 |     7 ||    21
Dodge: Dodged            |    44 |    36 ||    80

Table legend: (Time is in decaauts)
 A = Elapsed time spent in this place.
 B = Non-inter-level travel time spent in this place.
 C = Inter-level travel time spent in this place.
 D = Time resting spent in this place.
 E = Time spent auto-exploring this place.
 F = Levels seen in this place.
 G = Mean time per level.
                   A        B        C        D        E       F      G
               +--------+--------+--------+--------+--------+-----+--------+
         Total |   2997 |   2947 |     50 |    290 |   2188 |   4 |  749.2 |
       Dungeon |   2997 |   2947 |     50 |    290 |   2188 |   4 |  749.2 |
               +--------+--------+--------+--------+--------+-----+--------+

Top non-repeatable levels by time:
     D:3: 1334 daAuts
     D:1: 1060 daAuts
     D:2: 560 daAuts
     D:4: 42 daAuts
